 Dungeon Crawl Stone Soup version 0.25.0-26-g0c896c7088 (webtiles) character file.

Game seed: 10558412830015239345

(classic levelgen) 7097 EnegeticOcto the Cleaver (level 10, -4/91 HPs)
             Began as a Deep Dwarf Fighter on July 5, 2020.
             Was a Priest of Makhleb.
             Killed by nerve-wracking pain
             ... invoked by a shadow imp
              (8 damage)
             ... in a Gauntlet.
             The game lasted 00:16:27 (2398 turns).

EnegeticOcto the Cleaver (Deep Dwarf Fighter)       Turns: 2398, Time: 00:16:27

Health: -4/91      AC: 15    Str: 23    XL:     10   Next: 84%
Magic:  9/9        EV:  8    Int: 15    God:    Makhleb [***...]
Gold:   81         SH:  0    Dex: 12    Spells: 9/9 levels left

rFire    . . .     SeeInvis .   v - +1 battleaxe (vorpal)
rCold    . . .     Gourm    .   (shield currently unavailable)
rNeg     . . .     Faith    .   p - +0 chain mail
rPois    .         Spirit   .   l - +2 helmet
rElec    .         Reflect  .   r - +1 cloak
rCorr    .         Harm     .   m - +0 pair of gloves
MR       +....     NoTele   +   (no boots)
Stlth    ..........             (no amulet)
HPRegen  0.00/turn              i - +6 ring of intelligence
MPRegen  0.11/turn              (no ring)

@: non-regenerating, slowed, very slow
A: damage resistance, heal wounds, sense surroundings 2, no regeneration
a: Heal Wounds, Minor Destruction, Lesser Servant of Makhleb, Renounce Religion


You were in a Gauntlet.
You worshipped Makhleb.
Makhleb was most pleased with you.
You were very hungry.

You visited 2 branches of the dungeon, and saw 12 of its levels.
You also visited: Gauntlet.

You collected 273 gold pieces.
You spent 192 gold pieces at shops.

Inventory:

Hand Weapons
 a - a +1 war axe
 v - a +1 vorpal battleaxe (weapon)
Missiles
 j - 10 javelins (quivered)
Armour
 b - a +0 scale mail
 c - a +0 kite shield
 l - a +2 helmet (worn)
 m - a +0 pair of gloves (worn)
 p - a +0 chain mail (worn)
 r - a +1 cloak (worn)
 x - a +0 pair of boots
Jewellery
 i - a +6 ring of intelligence (left hand)
 y - an uncursed ring of protection from fire
Wands
 g - a wand of digging (4) {@v3}
 q - a wand of iceblast (6) {@v2}
Scrolls
 h - 2 scrolls of identify {@r1}
 o - 3 scrolls of remove curse {@r2}
 s - a scroll of immolation
 u - a scroll of fear {unknown}
 z - a scroll of blinking {@r4}
Potions
 d - 3 potions of might {@q3 !q}
 f - a potion of stabbing {unknown}
 k - 2 potions of ambrosia
 n - 3 potions of flight
 t - a potion of curing {@q1 !q}
 w - a potion of magic {unknown}
 A - a potion of brilliance {unknown}
Comestibles
 e - 3 rations


   Skills:
 + Level 6.2 Fighting
 * Level 14.9 Axes
 - Level 3.2 Armour
 - Level 3.2 Shields
 - Level 6.0 Invocations
 + Level 4.8 Evocations


You had 9 spell levels left.
You didn't know any spells.
Your spell library was empty.

Dungeon Overview and Level Annotations

Branches:
Dungeon (10/15)            Temple (0/1) D:7            Lair (2/6) D:10
  Swamp (0/4) Lair:2      Gauntlet (1/1)
  Snake: Lair:2-4    Spider: Lair:2-4       Orc: D:9-12

Altars:
Ashenzari
Cheibriados
Makhleb
Okawaru
Ru
Trog
Vehumet
Yredelemnul
The Shining One

Shops:
D:7 ?   D:8 %   D:9 *   D:10 %

Annotations:
D:9 1 runed translucent door, fritzmikael's ghost, novice SpFE Gauntlet 3 transporters


Innate Abilities, Weirdness & Mutations

You are resistant to damage.
You can heal yourself by infusing magical energy.
You passively map the area around you.
You do not regenerate.


Message History

The swamp worm is moderately wounded.
The swamp worm bites you!
You slice the swamp worm!!
The swamp worm is almost dead.
The swamp worm bites you!
You barely miss the swamp worm.
The swamp worm is almost dead.
The swamp worm bites you.
You hit the swamp worm.
The swamp worm is almost dead.
The swamp worm bites you but does no damage.
You hit the swamp worm but do no damage.
The swamp worm is almost dead.
You hear the loud beating of a distant drum.
The swamp worm barely misses you.
Your chain mail prevents you from hitting the swamp worm.
The swamp worm is almost dead.
The swamp worm bites you! x2
You slash the swamp worm!
You kill the swamp worm!
Makhleb accepts your kill.
You feel better.
A bullfrog comes into view.
The bullfrog gives a loud, deep croak!
The bullfrog moves out of view.
Found 11 bolts.
You hit the bullfrog.
The bullfrog is lightly wounded.
The bullfrog barely misses you.
You slice the bullfrog!!
You kill the bullfrog!
Makhleb accepts your kill.
Found a gate leading to a gauntlet.
You feel much better.
You feel much better.
There is a gate leading to a gauntlet here.
Beware, the minotaur awaits!
The world spins around you as you enter the gateway.
You enter a gauntlet!
The nature of this place prevents you from teleporting.
The killer bee buzzes angrily. x4; The queen bee buzzes angrily.
The shadow imp shouts, "Slither home, thou feeble mumble-news mammet!"
The shadow imp shouts!
You hear an angry buzzing noise.
You hear a shout!
Found a gate leading back out of this place.
Found two transporters.
There is an empty arch of ancient stone here.
The wizard shouts!
The killer bee buzzes angrily.
You hear a shout!
Found a scroll of remove curse.
The shadow imp shouts, "Take thy face hence, thou hateful rhino-raveling flap-bat!"
You are feeling very hungry.
There is a transporter here.
You enter the transporter and appear at another place.
The wizard gestures wildly while chanting.
The wizard seems to speed up.
Found two transporters.
Found a glowing cloak and a small steel ring.
There is a transporter here.
Your chain mail prevents you from hitting the wizard.
You closely miss the shadow imp. The shadow imp closely misses you.
The wizard hits you but does no damage.
You barely miss the wizard. You closely miss the shadow imp.
The wizard hits you but does no damage.
The shadow imp hits you but does no damage.
You miss the wizard. You hit the shadow imp.
The wizard hits you but does no damage.
The shadow imp hits you but does no damage.
The wizard hits you but does no damage.
You closely miss the wizard. You slash the shadow imp!
You kill the shadow imp!
Makhleb accepts your kill. The wizard hits you but does no damage.
You hit the wizard.
The wizard is lightly wounded.
The wizard gestures at you while chanting.
You feel yourself slow down.
The wizard howls an incantation.
The wizard glows brightly for a moment.
The wizard hits you but does no damage.
You slash the wizard!
The wizard is severely wounded.
The wizard gestures at you while chanting.
The crystal spear hits you!!
The wizard points at you and mumbles some strange words.
The crystal spear hits you!!
* * * LOW HITPOINT WARNING * * *
Your magical essence is drained by the effort!
You feel much better.
The wizard gestures at you while chanting.
The bolt of cold misses you.
The shadow imp disappears for a moment.
The wizard hits you with a cursed -1 dagger.
The wizard gestures at you while chanting.
The crystal spear hits you!!!
* * * LOW HITPOINT WARNING * * *
The wizard hits you but does no damage.
You fail to use your ability.
The wizard hits you but does no damage. The shadow imp gestures at you.
Pain shoots through your body!
You die...

.#.#.####..#.≈≈* ©
.#.#......9#.≈#
##.#########.## ©
,.......©#....≈## ⌠ ,
⌠.⌠.⌠.⌠.#.⌠..≈≈#
.......©#....≈#* *
############.##
*.#.#=.#©#p[#.≈##
#..#.?#.#.#.#.#@#.≈≈#
#.##.###.#.#.#.#5#.≈##
..#©.#.#.#..#©#..#.##
##.##.##.#.#.#.#.#.≈#*
yy#yy##.#.#.#.#.#.≈≈#
.##y##y#.#..#.#..#.≈##
########.#########.##
...©.........©.....≈#*
≈≈≈#..∩.⌠.∩..#≈≈≈#≈≈≈*


You could see a wizard (fast), a gargoyle and a shadow imp.

Vanquished Creatures
  2 two-headed ogres
  A black mamba (Lair:1)
  A hornet (D:10)
  2 hippogriffs
  A basilisk (Lair:1)
  6 yaks (D:9)
  A hungry ghost (D:9)
  3 swamp worms (Lair:2)
  A water moccasin (Lair:1)
  3 porcupines (D:10)
  A black bear (D:10)
  An orc warrior (D:7)
  An ice beast (D:6)
  4 sky beasts
  2 centaurs
  2 ogres
  2 crocodiles
  Blork the orc (D:4)
  A big kobold (D:10)
  7 bullfrogs
  3 scorpions
  5 wights (D:8)
  3 howler monkeys
  3 crimson imps
  Crazy Yiuf (D:5)
  4 hounds
  4 orc priests
  3 iguanas
  3 orc wizards (D:9)
  4 worker ants
  A hound skeleton (D:8)
  Robin (D:2)
  7 gnolls
  5 adders
  4 shadow imps
  2 oozes (D:2)
  3 adder skeletons
  A worm (D:2)
  4 leopard geckos
  17 orcs
  2 bats
  5 giant cockroaches
  8 goblins
  6 hobgoblins
  13 jackals
  6 kobolds
  A quokka (D:6)
  2 frilled lizards
  A rat (D:1)
  A plant (D:10)
166 creatures vanquished.

Vanquished Creatures (others)
  10 fungi (D:10)
  2 plants (D:10)
12 creatures vanquished.

Grand Total: 178 creatures vanquished

Notes
Turn   | Place    | Note
-------+----------+-------------------------------------------
     0 | D:1      | EnegeticOcto the Deep Dwarf Fighter began the quest for the
                  | Orb.
     0 | D:1      | Reached XP level 1. HP: 20/20 MP: 1/1
    99 | D:1      | Reached skill level 3 in Axes
    99 | D:1      | Reached XP level 2. HP: 21/27 MP: 2/2
   153 | D:2      | Found an iron altar of Okawaru.
   164 | D:2      | Reached XP level 3. HP: 22/33 MP: 3/3
   179 | D:2      | Reached skill level 4 in Axes
   224 | D:2      | Noticed Robin
   244 | D:2      | Killed Robin
   244 | D:2      | Reached XP level 4. HP: 37/40 MP: 4/4
   317 | D:4      | Reached skill level 5 in Axes
   334 | D:5      | Entered Level 5 of the Dungeon
   390 | D:4      | Reached XP level 5. HP: 33/46 MP: 5/5
   405 | D:4      | Reached skill level 6 in Axes
   425 | D:4      | Found a burning altar of Makhleb.
   438 | D:4      | Became a worshipper of Makhleb the Destroyer
   466 | D:4      | Noticed Blork the orc
   473 | D:4      | Killed Blork the orc
   473 | D:4      | Reached skill level 1 in Invocations
   498 | D:4      | Reached XP level 6. HP: 39/55 MP: 7/7
   545 | D:4      | Reached skill level 7 in Axes
   545 | D:4      | Reached skill level 2 in Invocations
   575 | D:5      | Your magical essence is drained by the effort!
   595 | D:5      | Reached skill level 3 in Invocations
   608 | D:5      | Found a runed translucent door.
   609 | D:5      | Noticed Crazy Yiuf
   618 | D:5      | Your magical essence is drained by the effort!
   622 | D:5      | Killed Crazy Yiuf
   699 | D:6      | Found a basalt altar of Yredelemnul.
   738 | D:6      | Noticed a sky beast
   747 | D:6      | Killed a sky beast
   747 | D:6      | Reached skill level 8 in Axes
   747 | D:6      | Reached XP level 7. HP: 33/61 MP: 7/7
   787 | D:6      | Reached skill level 4 in Invocations
   874 | D:6      | Reached skill level 5 in Invocations
   899 | D:6      | Reached skill level 9 in Axes
   901 | D:6      | Reached * piety under Makhleb
   907 | D:6      | Reached XP level 8. HP: 43/68 MP: 8/10
   949 | D:7      | Found a sacrificial altar of Ru.
   951 | D:7      | Found a radiant altar of Vehumet.
   973 | D:7      | Found Beurchucs's Magic Scroll Emporium.
  1015 | D:6      | Found a glowing golden altar of the Shining One.
  1283 | D:7      | Bought a scroll of immolation for 49 gold pieces
  1295 | D:7      | Reached skill level 6 in Invocations
  1316 | D:7      | Your magical essence is drained by the effort!
  1357 | D:7      | Reached skill level 10 in Axes
  1366 | D:7      | Found a staircase to the Ecumenical Temple.
  1466 | D:8      | Found Zamp's Food Emporium.
  1480 | D:8      | Noticed a two-headed ogre
  1484 | D:8      | Reached skill level 11 in Axes
  1493 | D:8      | Killed a two-headed ogre
  1493 | D:8      | Reached skill level 12 in Axes
  1493 | D:8      | Gained mutation: You passively map the area around you.
                  | [Deep Dwarf growth]
  1493 | D:8      | Reached XP level 9. HP: 66/74 MP: 10/10
  1608 | D:8      | Reached ** piety under Makhleb
  1608 | D:8      | Reached skill level 3 in Fighting
  1768 | D:10     | Entered Level 10 of the Dungeon
  1768 | D:10     | Found Hudim's Food Boutique.
  1779 | D:9      | Found a bloodstained altar of Trog.
  1784 | D:9      | Noticed a two-headed ogre
  1792 | D:9      | Reached skill level 13 in Axes
  1795 | D:9      | Killed a two-headed ogre
  1795 | D:9      | Reached skill level 4 in Fighting
  1801 | D:9      | Reached XP level 10. HP: 87/87 MP: 11/11
  1811 | D:9      | Reached skill level 5 in Fighting
  1820 | D:9      | Found a snail-covered altar of Cheibriados.
  1855 | D:9      | Reached skill level 14 in Axes
  1866 | D:9      | Found Heoqos's Elemental Accessories.
  1875 | D:9      | Bought a wand of iceblast (9) for 143 gold pieces
  1879 | D:9      | Found a runed translucent door.
  1879 | D:9      | Noticed fritzmikael's ghost (novice SpFE)
  1924 | D:10     | Paralysed by a hornet for 2 turns
  1926 | D:10     | Reached skill level 1 in Evocations
  2025 | D:10     | Found a shattered altar of Ashenzari.
  2098 | D:10     | Reached *** piety under Makhleb
  2106 | D:10     | Reached skill level 2 in Evocations
  2112 | D:10     | Reached skill level 3 in Evocations
  2117 | D:10     | Found a staircase to the Lair.
  2141 | Lair:1   | Entered Level 1 of the Lair of Beasts
  2142 | Lair:1   | Noticed a black mamba
  2160 | Lair:1   | Killed a black mamba
  2160 | Lair:1   | Reached skill level 4 in Evocations
  2167 | Lair:1   | Reached skill level 6 in Fighting
  2318 | Lair:2   | Found a staircase to the Swamp.
  2324 | Lair:2   | Your magical essence is drained by the effort!
  2365 | Lair:2   | Found a gate leading to a gauntlet.
  2376 | Gauntlet | Entered a Gauntlet
  2376 | Gauntlet | Found a transporter.
  2376 | Gauntlet | Found a transporter.
  2377 | Gauntlet | Noticed a wizard
  2385 | Gauntlet | Found a transporter.
  2385 | Gauntlet | Found a transporter.
  2387 | Gauntlet | Noticed a gargoyle
  2396 | Gauntlet | Your magical essence is drained by the effort!
  2397 | Gauntlet | HP: 4/91 [wizard/crystal spear (44)]
  2398 | Gauntlet | Killed from afar by a shadow imp

Illustrated notes

Levels and vault maps discovered:
D:1:      psy_arrival_dodecagon, layout_rooms
D:2:      layout_loops_ring, old_standard_altar, okawaru_ov_weapons_minmay,
          chequers_ecumenical_altar_simple_redux, uniq_robin
D:3:      layout_basic, nemelex_altar_shiori, lemuel_coloured_pillars_altar,
          first_ration
D:4:      layout_loops_ring, grunt_dithmenos_smoke_and_mirrors, bloody_makhleb,
          uniq_edmund, uniq_blork_the_orc, uniq_menkaure
D:5:      minmay_diamond_boxcup, layout_basic, uniq_grinder,
          uniq_crazy_yiuf_cottage, uniq_pikel, uniq_prince_ribbit1,
          uniq_eustachio
D:6:      layout_loops_corners, kennysheep_little_box, kennysheep_mini_moat,
          nicolae_ossuary_entry_catacombs
D:7:      layout_basic, chequers_temple_overflow_statue_of_worship,
          minmay_temple_entry_sparse_star, serial_shops, shop, grunt_ogre_cave,
          chequers_serial_rivers_small_b
D:8:      layout_loops_ring, serial_shops, shop
D:9:      layout_irregular_city, grunt_temple_overflow_open,
          hellmonk_ghost_happy_afterlife, nicolae_elemental_shop
D:10:     layout_roguey, due_lair_maze_entry_diamond, serial_shops, shop,
          skrybe_limestone_x, grunt_ministairs_10, evilmike_ruin_ashenzari
Lair:1:   layout_cave_pods, cheibrodos_lair_lostbears
Lair:2:   layout_concentric_octagons, minmay_swamp_entry_worms,
          gauntlet_entry_generic, minmay_lair_oklob_chamber
Gauntlet: minmay_gauntlet_77_indecision
          [minmay_gauntlet_arena_77_tiled_triplets,
          minmay_gauntlet_arena_77_braids, minmay_gauntlet_arena_77_run_for_it,
          minmay_gauntlet_arena_77_hold_the_fort,
          minmay_gauntlet_arena_77_broken_ladder,
          minmay_gauntlet_arena_77_radiant_squares, gauntlet_exit_hidden_loot]

Skill      XL: |  1  2  3  4  5  6  7  8  9 10 |
---------------+-------------------------------+-----
Axes           | 3 4 5 6 8 9 12 13 14 | 14.9
Invocations    | 1 3 5 6 |  6.0
Fighting       | 4 6 |  6.2
Evocations     | 4 |  4.8
Armour         | |  3.2
Shields        | |  3.2

Action                   |  1- 3 |  4- 6 |  7- 9 | 10-12 || total
-------------------------+-------+-------+-------+-------++-------
Melee: War axe           |    64 |    99 |   164 |       ||   327
       Battleaxe         |       |       |    70 |   124 ||   194
Throw: Javelin           |       |       |     2 |       ||     2
 Abil: Heal Wounds       |     1 |     4 |    10 |     7 ||    22
Evoke: Wand              |       |       |       |     3 ||     3
  Use: Scroll            |       |     5 |     4 |     2 ||    11
       Potion            |       |       |     2 |       ||     2
  Eat: Ration            |       |       |     4 |       ||     4
       Chunk             |       |       |     1 |     1 ||     2
Armor: Scale mail        |    67 |    59 |    84 |       ||   210
       Chain mail        |       |       |    57 |   115 ||   172
Dodge: Dodged            |    53 |    42 |    81 |    71 ||   247
Block: Kite shield       |    78 |    63 |    75 |       ||   216
